 Dungeon Crawl Stone Soup version 0.31-a0-221-gbddc013574 (webtiles) character file.

Game seed: 2905410348292033452

177 qw the Shooter (level 5, -2/45 HPs)
             Began as a Minotaur Hexslinger on July 4, 2023.
             Slain by a lemure (3 damage)
             ... led by Pikel
             ... on level 4 of the Dungeon.
             The game lasted 00:01:10 (3009 turns).

qw the Shooter (Minotaur Hexslinger)                Turns: 3009, Time: 00:01:10

Health: -2/45      AC:  7    Str: 13    XL:     5   Next: 31%
Magic:  5/5        EV: 11    Int: 10    God:
Gold:   193        SH:  0    Dex: 14    Spells: 5/6 levels left

rFire   . . .        Y - +1 sling
rCold   . . .        (no shield)
rNeg    . . .        c - +0 ring mail
rPois   .            (helmet restricted)
rElec   .            a - +0 cloak
rCorr   .            (no gloves)
SInv    .            j - +0 pair of boots
Will    .....        d - dreamdust necklace {Acrobat}
Stlth   +            (no ring)
HPRegen 0.27/turn    (no ring)
MPRegen 0.09/turn

%: acrobat
@: no status effects
A: horns 2, retaliatory headbutt
a: no special abilities


You were on level 4 of the Dungeon.
You visited 1 branch of the dungeon, and saw 4 of its levels.

You collected 193 gold pieces.


Innate Abilities, Weirdness & Mutations

You have a pair of horns on your head.
You reflexively headbutt those who attack you in melee.


   Skills:
 - Level 3.4 Fighting
 + Level 5.1 Ranged Weapons
 - Level 1.0 Armour
 - Level 2.1 Dodging
 - Level 1.0 Spellcasting
 - Level 2.0 Hexes


You had 5 spell levels left.
You knew the following spells:

 Your Spells              Type           Power      Damage    Failure   Level
a - Slow                  Hex            16%        N/A       32%         1

Your spell library contained the following spells:

 Spells                   Type           Power      Damage    Failure   Level
 Inner Flame              Hex/Fire       2%         N/A       82%         3
 Portal Projectile        Hex/Tloc       4%         N/A       82%         3
 Cause Fear               Hex            2%         N/A       97%         4

Inventory:

Hand Weapons
 Y - a +1 sling (weapon)
Armour
 a - a +0 cloak (worn)
 c - a +0 ring mail (worn)
 j - a +0 pair of boots (worn)
Jewellery
 d - the dreamdust necklace (around neck) {Acrobat}
   (You acquired it on level 3 of the Dungeon)

   [amulet of the acrobat]

   It increases your evasion while moving and waiting.
 f - the amulet of Enoezxot {Faith rF- rN++}
   (You found it on level 4 of the Dungeon)

   [amulet of faith]

   It allows you to gain divine favour quickly.
   rF:        It makes you vulnerable to fire.
   rN:        It greatly protects you from negative energy.
Scrolls
 e - a scroll of fog {unknown}
 g - a scroll of identify
Potions
 b - a potion of might {unknown}
 h - 4 potions of haste
 i - a potion of resistance {unknown}

Dungeon Overview and Level Annotations

Branches:
Dungeon (4/15)
 Temple: D:4-7

Altars:

Shops:
D:1 *   D:3 *

Annotations:
D:4 Pikel


Message History

Pikel is lightly wounded.
You shoot a sling bullet. The sling bullet misses Pikel.
Pikel closely misses you.
You shoot a sling bullet. The sling bullet closely misses Pikel.
Pikel hits you with a +1 whip of electrocution.
You shoot a sling bullet. The sling bullet hits Pikel.
Pikel is moderately wounded.
Pikel hits you with a +1 whip of electrocution.
Pikel hits you with a +1 whip of electrocution!
You shoot a sling bullet. The sling bullet barely misses Pikel.
A lemure comes into view.
Pikel hits you with a +1 whip of electrocution.
You are electrocuted!
You shoot a sling bullet.
The sling bullet hits Pikel but does no damage.
Pikel is moderately wounded.
Pikel hits you with a +1 whip of electrocution!
You shoot a sling bullet. The sling bullet hits Pikel.
Pikel is moderately wounded.
Pikel hits you but does no damage.
You shoot a sling bullet. The sling bullet hits Pikel.
Pikel is moderately wounded.
The lemure hits you. Pikel closely misses you. You furiously retaliate!
You headbutt Pikel.
Pikel hits you with a +1 whip of electrocution.
The lemure closely misses you.
You shoot a sling bullet. The sling bullet closely misses Pikel.
Pikel misses you. The lemure closely misses you.
You shoot a sling bullet.
The sling bullet hits Pikel but does no damage.
Pikel is heavily wounded.
The lemure barely misses you.
Pikel says, "You'll rot in Tartarus!"
Pikel hits you with a +1 whip of electrocution!
Your necklace shatters, unleashing a wave of protective dreams!
You dream of life, friendship, and clouds.
You shoot a sling bullet.
The sling bullet completely misses Pikel.
The lemure hits you.
You die...

.####...####...........
#.....##........####
#.....##.###.#..# #
#.....##.###....#
#...........#..##
#####.###.##.##.#..####.
......###.##[##.#.......
#...¤wK.##.......####.
#.#.¤@¤.<..%..####
......SK5.####..#
##..#¤.#........# #.
#.....####.## . .......#
#.# ###.#.### ##.## #.#.
#...### .. #.....#
#...#.##


You could see Pikel (ally target), a lemure (ally target), a friendly worm
(summoned), a friendly adder (summoned) and a friendly kobold (summoned).

Vanquished Creatures
  2 orc wizards
  5 adders
  2 worms
  10 orcs
  4 endoplasms
  A giant cockroach (D:1)
  5 goblins
  3 hobgoblins
  7 jackals
  4 kobolds
  3 quokkas
  9 ball pythons
  5 bats
  3 frilled lizards
  6 rats
69 creatures vanquished.

Notes
Turn   | Place    | Note
-------+----------+-------------------------------------------
     0 | D:1      | qw the Minotaur Hexslinger began the quest for the Orb.
     0 | D:1      | Reached XP level 1. HP: 16/16 MP: 1/1
     0 | D:1      | 0 ||| qw: Version: 0.3-a-40-ge99b1a8
     0 | D:1      | 0 ||| qw: Game counter: 644
     0 | D:1      | 0 ||| qw: Melee chars always use a shield: true
     0 | D:1      | 0 ||| qw: God list: Okawaru
     0 | D:1      | 0 ||| qw: Allow faded altars: false
     0 | D:1      | 0 ||| qw: Do Orc after clearing Dungeon:15 true
     0 | D:1      | 0 ||| qw: Do second Lair branch before Depths: true
     0 | D:1      | 0 ||| qw: Lair rune preference: random
     0 | D:1      | 0 ||| qw: Goals: Normal
     0 | D:1      | 0 ||| PLANNING D:1-11
   214 | D:1      | Reached skill level 3 in Ranged Weapons
   214 | D:1      | Reached XP level 2. HP: 10/23 MP: 2/2
   288 | D:1      | Found Catroih's General Store.
   298 | D:1      | 298 ||| SHOPLISTING +0 ring mail (40 gold, have 5).
   298 | D:1      | 298 ||| SHOPLISTING potion of curing (30 gold, have 5).
   298 | D:1      | 298 ||| SHOPLISTING potion of haste (100 gold, have 5).
   298 | D:1      | 298 ||| SHOPLISTING potion of mutation (80 gold, have 5).
   298 | D:1      | 298 ||| SHOPLISTING scroll of enchant weapon (75 gold, have
                  | 5).
   298 | D:1      | 298 ||| SHOPLISTING scroll of teleportation (30 gold, have
                  | 5).
   815 | D:1      | 815 ||| DROPPING scarf of invisibility.
   816 | D:1      | 816 ||| UPGRADING to +0 pair of boots.
   821 | D:1      | 821 ||| UPGRADING to +0 leather armour.
   831 | D:1      | 831 ||| DROPPING +0 robe.
   832 | D:1      | 832 ||| READING scroll labelled HYAZATWETHE.
   833 | D:1      | 833 ||| READING scroll labelled PIERASEOHA.
   834 | D:1      | 834 ||| READING 2 scrolls labelled GIANOTI QONT.
   835 | D:1      | 835 ||| READING scroll labelled ITASAU UCUERCH.
   836 | D:1      | 836 ||| DROPPING scroll of poison.
   969 | D:2      | Reached XP level 3. HP: 27/29 MP: 3/3
  1192 | D:2      | Reached skill level 4 in Ranged Weapons
  1672 | D:2      | 1672 ||| UPGRADING to +0 ring mail.
  1682 | D:2      | 1682 ||| DROPPING +0 leather armour.
  1683 | D:2      | 1683 ||| READING scroll labelled UVALEI NUCH.
  1684 | D:2      | 1684 ||| READING scroll labelled SATRIS JIERHE.
  1685 | D:2      | 1685 ||| READING scroll labelled ISMEHU VIJETO.
  1738 | D:2      | 1738 ||| READING scroll labelled BYUTWATEAM.
  1739 | D:2      | 1739 ||| DRINKING 2 smoky sapphire potions.
  1740 | D:2      | 1740 ||| READING 2 scrolls of identify.
  1740 | D:2      | 1740 ||| IDENTIFYING fuming clear potion
  1788 | D:3      | Reached XP level 4. HP: 36/36 MP: 4/4
  1905 | D:3      | 1905 ||| DRINKING potion of curing.
  1905 | D:3      | 1905 ||| (to cure confusion)
  1908 | D:3      | Reached skill level 1 in Armour
  1911 | D:3      | HP: 6/30 [something (4)]
  1921 | D:3      | 1921 ||| FLEEEEING.
  2271 | D:3      | Reached skill level 5 in Ranged Weapons
  2319 | D:3      | Found Mavasist's General Store.
  2332 | D:3      | Found a faded altar of an unknown god.
  2535 | D:3      | 2535 ||| UPGRADING to +0 cloak.
  2540 | D:3      | 2540 ||| READING scroll labelled QUTWIG CASEOT.
  2540 | D:3      | Identified a scroll of acquirement
  2540 | D:3      | 2540 ||| ACQUIRING dreamshard necklace {Acrobat *Dream}
  2540 | D:3      | Acquired the dreamshard necklace {Acrobat *Dream}
  2540 | D:3      | Found the dreamshard necklace {Acrobat *Dream}
  2542 | D:3      | 2542 ||| UPGRADING to dreamshard necklace {Acrobat *Dream}.
  2654 | D:4      | Identified the amulet of Enoezxot {Faith rF- rN++}
  2698 | D:4      | 2698 ||| Stepping ~*~*~tactically~*~*~ (outnumbered).
  2699 | D:4      | Reached XP level 5. HP: 36/43 MP: 5/5
  2710 | D:4      | Reached skill level 3 in Fighting
  2992 | D:4      | Noticed a lemure
  2993 | D:4      | Noticed Pikel
  3003 | D:4      | Noticed a lemure
  3004 | D:4      | HP: 8/45 [Pikel/+1 whip of electrocution (7)]
  3006 | D:4      | HP: 2/45 [Pikel/+1 whip of electrocution (5)]
  3009 | D:4      | Slain by a lemure

Levels and vault maps discovered:
D:1:      ebering_trefoil_twist, layout_loops_corners, serial_shops, shop
D:2:      layout_loops_ring, serial_glass, glass_columns_a, glass_columns_a,
          roderic_lattice_a
D:3:      layout_basic, serial_shops, shop, basic_ecumenical_altar,
          small_statue_alley_b
D:4:      layout_loops_cross, nicolae_vehumet_radiance, uniq_robin, uniq_pikel,
          uniq_eustachio

Skill      XL: |  1  2  3  4  5 |
---------------+----------------+-----
Ranged Weapons | 3 4 5 |  5.1
Fighting       | 2 3 |  3.4
Armour         | 1 |  1.0
Dodging        | |  2.1
Spellcasting   | |  1.0
Hexes          | |  2.0

Action                     |  1- 3 |  4- 6 || total
---------------------------+-------+-------++-------
   Fire: Sling             |   145 |   127 ||   272
    Use: Scroll            |     9 |     1 ||    10
         Potion            |     1 |     1 ||     2
 Armour: Leather armour    |    12 |       ||    12
         Robe              |     2 |       ||     2
         Ring mail         |       |    36 ||    36
  Dodge: Dodged            |    40 |    62 ||   102

Table legend:
 A = Non-vault XP
 B = Vault XP
 C = Vault XP percentage of total XP
 D = Non-vault monster count
 E = Vault monster count
 F = Vault count percentage of total count
                 A         B        C        D         E       F
            +---------+---------+-------+---------+---------+-------
      Total |     254 |       0 |   0.0 |      69 |       0 |   0.0
            +---------+---------+-------+---------+---------+-------
        D:1 |      31 |       0 |   0.0 |      19 |       0 |   0.0
        D:2 |      65 |       0 |   0.0 |      24 |       0 |   0.0
        D:3 |      67 |       0 |   0.0 |      15 |       0 |   0.0
        D:4 |      91 |       0 |   0.0 |      11 |       0 |   0.0
            +---------+---------+-------+---------+---------+-------
